Map: Prion Terraces

Players

Kelazhur - Winner!

  • Race: Terran Terran
  • League: Diamond

desRow

  • Race: Protoss Protoss

Event: NationWars III

VOD

Have the link to the VOD?

Description

Time

  • Played on: Nov. 20, 2015, 4:36 p.m.
  • Length: 10:27
Show
View Real Time Build Order
Export as new Build Order

Kelazhur Terran - Winner!

Build Orders: MMM Bio 

Get SALT Encoding   

  12  0:00  SCV  
  13  0:13  SCV  
  14  0:17  Supply Depot  
  14  0:25  SCV  
  15  0:38  SCV  
  15  0:41  Barracks  
  16  0:45  Refinery  
  16  0:50  SCV  
  17  1:03  SCV  
  18  1:15  SCV  
  19  1:28  Marine  
  19  1:29  Orbital Command  
  20  1:46  Command Center  
  20  1:50  Barracks Reactor  
  20  1:56  SCV  
  20  2:01  Supply Depot  
  21  2:09  SCV  
  22  2:16  Barracks  
  22  2:21  SCV  
  23  2:26  Marine  
  23  2:27  Marine  
  25  2:33  SCV  
  26  2:44  Marine x2  
  26  2:45  SCV  
  29  2:57  SCV, Factory  
  29  2:58  Orbital Command  
  30  3:02  Barracks Tech Lab, Marine x2  
  32  3:08  Refinery  
  32  3:09  SCV  
  33  3:18  Supply Depot  
  33  3:21  Stimpack, Marine  
  33  3:22  SCV, Marine x2  
  33  3:26  SCV  
  38  3:37  SCV  
  38  3:39  Marine  
  38  3:40  SCV, Marine x2  
  43  3:45  Starport  
  43  3:46  Factory Reactor  
  43  3:49  Refinery  
  43  3:50  SCV  
  43  3:54  Supply Depot  
  44  3:56  SCV  
  44  3:57  Marine  
  44  4:00  Marine  
  44  4:02  SCV  
  48  4:06  Marine  
  48  4:08  SCV  
  50  4:10  Engineering Bay  
  50  4:13  Liberator  
  50  4:14  SCV, Liberator  
  51  4:18  Marine x2  
  51  4:20  SCV  
  54  4:26  SCV  
  58  4:34  Marine  
  58  4:35  Refinery  
  62  4:40  Marine  
  62  4:42  Missile Turret  
  62  4:48  Supply Depot  
  62  4:50  Terran Infantry Weapons Level 1  
  62  4:55  Supply Depot  
  62  5:01  Liberator x2  
  62  5:09  Marine x3  
  62  5:10  SCV x2  
  62  5:12  Barracks  
  67  5:17  Supply Depot  
  73  5:22  SCV  
  73  5:25  Combat Shields  
  73  5:27  Marine x2  
  73  5:28  Marauder  
  78  5:34  Supply Depot  
  78  5:39  SCV x2  
  80  5:47  Marine x2  
  79  5:52  Supply Depot  
  79  5:54  SCV, Marauder  
  79  5:55  SCV  
  83  5:57  Supply Depot  
  83  6:06  SCV  
  83  6:10  Barracks Tech Lab, Marine x2  
  87  6:18  Marauder  
  87  6:19  SCV  
  88  6:25  Medivac  
  88  6:26  Medivac  
  88  6:27  Command Center  
  92  6:32  Barracks x2  
  92  6:35  Concussive Shells  
  92  6:37  SCV  
  93  6:45  Marine x2  
  93  6:46  Marauder x2  
  97  6:54  Liberator x2  
  84  7:09  Marine x2  
  84  7:10  Marauder x2  
  84  7:15  SCV x2  
  98  7:17  Terran Infantry Armor Level 1, Supply Depot  
  98  7:20  Barracks Reactor, Barracks Tech Lab  
  98  7:27  SCV  
  98  7:29  Marine x2  
  101  7:37  Marauder  
  101  7:38  SCV, Marauder  
  101  7:39  SCV  
  101  7:40  Refinery  
  101  7:42  Liberator x2  
  106  7:53  Marauder, Marine x2  
  106  7:55  SCV  
  106  7:58  Marine x2  
  107  8:07  Marauder x2  
  107  8:11  SCV  
  111  8:15  Marauder  
  111  8:17  Marine x2  
  111  8:18  Marine  
  111  8:19  Marine  
  116  8:24  SCV x2  
  116  8:25  Orbital Command  
  118  8:29  Marauder  
  118  8:31  Marauder  
  122  8:35  Marine x2  
  122  8:36  SCV x2, Marine, Marauder  
  122  8:37  Liberator  
  122  8:39  Marine  
  130  8:42  Liberator  
  130  8:43  Engineering Bay  
  123  8:50  Marauder  
  123  8:52  Marine  
  123  8:53  Marauder, Marine  
  131  8:58  Marauder  
  131  9:01  Supply Depot, Marine  
  131  9:02  Supply Depot  
  131  9:05  Marine  
  131  9:06  SCV  
  133  9:22  SCV, Marauder  
  131  9:26  Marine  
  131  9:27  Marauder x2, Marine x2  
  123  9:34  Marine  
  117  9:44  Marine x3, Marauder  
  119  9:48  Marauder  
  119  9:50  Barracks  
  119  9:51  Barracks x2  
  125  10:01  Armory  
  125  10:03  Command Center, Starport  
  125  10:04  Fusion Core  
  125  10:05  Marauder x2, Marine x2  
Show
View Real Time Build Order
Export as new Build Order

desRow Protoss 

Build Orders: Blink Stalkers 

Get SALT Encoding   

  12  0:01  Probe (Chrono Boost)  
  13  0:11  Probe (Chrono Boost)  
  14  0:18  Pylon  
  14  0:22  Probe (Chrono Boost)  
  15  0:36  Probe (Chrono Boost)  
  15  0:37  Gateway  
  16  0:47  Probe (Chrono Boost), Assimilator  
  17  0:51  Assimilator  
  17  0:57  Probe (Chrono Boost)  
  18  1:04  Pylon  
  18  1:08  Probe (Chrono Boost)  
  20  1:18  Probe (Chrono Boost)  
  20  1:25  Cybernetics Core  
  20  1:29  Probe (Chrono Boost)  
  23  1:39  Probe (Chrono Boost)  
  24  1:50  Probe (Chrono Boost)  
  23  2:05  Nexus  
  23  2:08  Mothership Core (Chrono Boost)  
  25  2:09  Warp Gate  
  25  2:17  Stalker  
  27  2:26  Probe (Chrono Boost)  
  28  2:35  Robotics Facility  
  28  2:37  Probe (Chrono Boost)  
  29  2:46  Pylon  
  29  2:48  Probe (Chrono Boost)  
  30  3:01  Twilight Council  
  30  3:02  Probe (Chrono Boost)  
  31  3:09  Stalker  
  33  3:14  Probe (Chrono Boost)  
  33  3:18  Probe (Chrono Boost)  
  35  3:23  Observer (Chrono Boost)  
  35  3:25  Probe  
  37  3:27  Probe  
  38  3:37  Probe  
  38  3:38  Probe, Blink (Chrono Boost)  
  40  3:42  Assimilator  
  40  3:49  Probe  
  40  3:51  Observer  
  40  3:52  Probe  
  40  3:53  Gateway  
  43  3:58  Gateway  
  43  4:01  Probe  
  44  4:03  Probe  
  45  4:12  Pylon, Assimilator  
  45  4:13  Probe  
  45  4:14  Probe  
  45  4:15  Observer  
  48  4:22  Pylon  
  48  4:25  Probe  
  48  4:26  Probe  
  50  4:34  Stalker  
  50  4:36  Probe  
  50  4:37  Probe  
  54  4:47  Probe  
  54  4:48  Robotics Bay  
  54  4:49  Probe  
  56  4:57  Probe  
  56  4:58  Stalker x2  
  61  5:00  Stalker  
  61  5:02  Pylon  
  61  5:04  Probe  
  64  5:08  Probe  
  65  5:23  Stalker x2  
  65  5:25  Stalker  
  71  5:30  Pylon  
  71  5:36  Disruptor (Chrono Boost)  
  74  5:43  Probe  
  74  5:44  Probe  
  76  5:53  Probe  
  76  5:56  Probe  
  78  6:01  Stalker x2  
  78  6:02  Stalker  
  84  6:04  Pylon  
  84  6:09  Nexus, Forge  
  84  6:17  Probe, Pylon  
  84  6:18  Probe  
  84  6:22  Disruptor (Chrono Boost)  
  89  6:25  Stalker x2  
  89  6:30  Pylon  
  89  6:32  Pylon  
  93  6:43  Stalker  
  90  6:56  Disruptor (Chrono Boost)  
  89  7:12  Stalker  
  89  7:13  Stalker x2  
  89  7:15  Protoss Ground Armor Level 1  
  95  7:16  Probe  
  95  7:18  Probe, Forge, Pylon  
  95  7:21  Probe, Pylon  
  97  7:27  Probe  
  99  7:30  Probe  
  99  7:32  Probe  
  99  7:36  Pylon, Photon Cannon  
  101  7:37  Probe  
  101  7:42  Probe x2  
  103  7:48  Stalker  
  100  7:58  Stalker x2  
  91  8:02  Disruptor (Chrono Boost)  
  90  8:08  Pylon  
  90  8:10  Gateway  
  90  8:11  Gateway  
  88  8:14  Gateway  
  88  8:15  Stalker  
  82  8:24  Stalker x2  
  86  8:27  Protoss Ground Weapons Level 1  
  86  8:33  Disruptor (Chrono Boost)  
  89  8:37  Gateway  
  89  8:41  Gateway  
  87  8:42  Gateway  
  82  8:52  Stalker x3  
  84  9:08  Disruptor (Chrono Boost)  
  87  9:10  Pylon  
  87  9:12  Stalker x3, Pylon  
  93  9:17  Stalker x3  
  93  9:38  Stalker x3  
  85  9:39  Disruptor (Chrono Boost)  
  82  9:49  Stalker x3  
  88  9:54  Stalker x2  
  88  9:57  Stalker  
  94  10:01  Adept x3  
  96  10:19  Stalker x3  
Tags
 
Add a new tag
Caveats
  • Supply blocks, unpowered buildings, or Contaminate may cause inaccurate times.
  • Supply counts are checked every 10 seconds.